Map: [ESL] Oceanborn

Players

BattleB

  • Race: Terran Terran
  • Spawn Location: 5:00

Clem - Winner!

  • Race: Terran Terran
  • Spawn Location: 11:00

Event: ESL SC2 Masters 2024 Spring (Regional)

VOD

Have the link to the VOD?

Description

Time

  • Played on: April 12, 2024, 9:46 a.m.
  • Length: 8:14

All games in this series

Show
View Real Time Build Order
Export as new Build Order

BattleB Terran 

Build Orders:  

Get SALT Encoding   

  12  0:00  SCV  
  13  0:12  SCV  
  14  0:16  Supply Depot  
  14  0:24  SCV  
  15  0:38  SCV  
  15  0:39  Barracks  
  16  0:43  Refinery  
  16  0:50  SCV  
  16  0:52  Refinery  
  17  1:02  SCV  
  18  1:14  SCV  
  19  1:25  Reaper  
  19  1:26  Orbital Command  
  19  1:29  Supply Depot  
  20  1:39  Factory  
  20  1:52  SCV  
  21  1:58  Barracks Reactor  
  21  2:04  SCV  
  22  2:14  Command Center  
  22  2:16  SCV  
  23  2:23  Hellion  
  23  2:28  SCV  
  26  2:35  Reaper x2  
  28  2:40  SCV  
  28  2:42  Supply Depot  
  29  2:45  Hellion  
  31  2:52  Starport  
  31  3:03  SCV  
  32  3:07  Hellion, Reaper  
  32  3:08  Reaper  
  36  3:16  SCV  
  37  3:24  Refinery  
  37  3:26  Orbital Command  
  37  3:28  SCV  
  37  3:31  Viking  
  40  3:40  SCV  
  41  3:46  Cyclone x2  
  45  3:52  SCV  
  45  3:53  SCV  
  47  3:57  Supply Depot  
  47  4:04  SCV  
  47  4:05  SCV  
  47  4:09  Starport Tech Lab  
  43  4:16  SCV  
  44  4:17  SCV  
  44  4:23  Command Center  
  45  4:28  SCV  
  45  4:29  Raven  
  45  4:30  SCV, Interference Matrix  
  49  4:32  Factory Tech Lab  
  49  4:35  Marine x2  
  51  4:40  SCV  
  51  4:42  SCV  
  51  4:43  Supply Depot  
  53  4:50  Siege Tank  
  53  4:52  SCV  
  57  4:54  SCV, Marine x2  
  58  5:09  SCV x2  
  58  5:14  Raven  
  62  5:20  Supply Depot  
  62  5:21  SCV x2  
  62  5:28  Stimpack, Marine  
  65  5:29  Factory Reactor  
  65  5:31  Barracks  
  65  5:33  SCV, Barracks  
  65  5:34  SCV  
  67  5:37  Orbital Command  
  67  5:45  SCV  
  67  5:46  SCV  
  67  5:48  Engineering Bay, Raven, Marine  
  67  5:49  Engineering Bay  
  72  5:56  Refinery  
  72  5:58  SCV x2  
  74  6:04  Barracks  
  74  6:05  SCV  
  74  6:06  Barracks, Marine  
  74  6:10  SCV  
  76  6:13  SCV  
  76  6:15  Terran Infantry Weapons Level 1, Terran Infantry Armor Level 1  
  76  6:18  SCV, Marine  
  78  6:19  Supply Depot, Marine  
  78  6:23  SCV  
  78  6:25  SCV  
  82  6:26  Marine  
  82  6:28  Starport Reactor, Siege Tank, Marine  
  82  6:29  Marine  
  88  6:35  SCV  
  88  6:36  Marine  
  88  6:38  SCV x2  
  88  6:39  Marine  
  94  6:47  SCV, Supply Depot  
  94  6:48  Marine x3  
  94  6:50  SCV x2  
  94  6:53  Supply Depot  
  99  6:54  Supply Depot  
  99  6:55  Marine  
  99  6:56  Marine  
  101  7:01  Supply Depot  
  101  7:04  SCV x2  
  101  7:08  Marine x3  
  101  7:09  SCV, Siege Tank, Marine  
  101  7:14  Marine  
  101  7:15  Medivac x2  
  114  7:16  SCV x2  
  114  7:20  Marine x2  
  114  7:21  SCV  
  119  7:26  Marine x3  
  119  7:28  Marine  
  119  7:29  SCV x2  
  123  7:32  Armory, Marine  
  123  7:33  SCV  
  122  7:38  Marine  
  122  7:39  Marine  
  122  7:41  SCV x2  
  126  7:44  Marine x3  
  126  7:45  SCV  
  126  7:47  Marine  
  126  7:50  Marine  
  126  7:53  SCV  
  126  7:56  Marine  
Show
View Real Time Build Order
Export as new Build Order

Clem Terran - Winner!

Build Orders: Cyclone Opening 

Get SALT Encoding   

  12  0:00  SCV  
  13  0:12  SCV  
  14  0:17  Supply Depot  
  14  0:24  SCV  
  15  0:38  SCV  
  15  0:40  Barracks  
  15  0:42  Refinery  
  16  0:50  SCV  
  16  0:52  Refinery  
  17  1:02  SCV  
  18  1:14  SCV  
  19  1:27  Orbital Command, Reaper  
  19  1:32  Supply Depot  
  20  1:39  Factory  
  20  1:53  SCV  
  21  1:59  Reaper  
  22  2:05  SCV  
  23  2:14  Command Center  
  23  2:17  SCV  
  24  2:23  Cyclone  
  24  2:29  SCV  
  27  2:31  Barracks Reactor  
  27  2:41  SCV, Supply Depot  
  28  2:46  Starport  
  28  2:53  SCV  
  28  2:56  Factory Tech Lab  
  29  3:05  SCV  
  30  3:08  Marine x2  
  32  3:14  Refinery  
  32  3:16  Siege Tank  
  32  3:17  SCV  
  36  3:22  Starport Tech Lab  
  36  3:26  Orbital Command  
  36  3:31  SCV, Marine  
  36  3:33  Marine  
  39  3:42  Raven  
  39  3:43  SCV  
  42  3:49  Supply Depot  
  42  3:51  SCV  
  42  3:55  SCV  
  44  3:59  Siege Tank  
  47  4:03  SCV  
  47  4:08  SCV  
  47  4:09  Interference Matrix  
  46  4:18  SCV  
  46  4:20  SCV  
  46  4:22  Command Center  
  48  4:26  Raven  
  48  4:30  SCV, Marine x2  
  53  4:33  SCV  
  54  4:38  Supply Depot  
  54  4:42  SCV  
  54  4:45  SCV  
  56  4:47  Factory Reactor, Barracks  
  56  4:51  Barracks  
  56  4:54  SCV  
  56  4:59  SCV  
  58  5:00  Stimpack, Raven  
  58  5:03  Marine  
  58  5:06  SCV  
  62  5:11  SCV, Supply Depot, Refinery  
  63  5:17  Engineering Bay  
  63  5:18  SCV  
  63  5:20  Engineering Bay  
  64  5:23  SCV  
  64  5:26  Marine  
  66  5:29  Supply Depot  
  66  5:30  SCV  
  66  5:35  SCV, Orbital Command  
  67  5:38  Marine  
  69  5:43  Starport Reactor, Siege Tank  
  69  5:46  Terran Infantry Armor Level 1  
  69  5:47  Terran Infantry Weapons Level 1  
  69  5:49  Marine  
  73  5:50  Marine  
  73  5:51  Marine  
  73  5:53  Orbital Command, Marine  
  73  5:54  SCV  
  73  5:55  SCV  
  78  5:58  Marine  
  78  6:06  SCV, Marine  
  78  6:07  SCV, Marine  
  82  6:12  Barracks x2  
  82  6:17  Siege Tank  
  82  6:18  SCV x2  
  86  6:19  Marine x2  
  86  6:22  Medivac  
  86  6:24  Medivac  
  93  6:27  SCV, Supply Depot  
  93  6:30  SCV x2  
  93  6:31  Marine  
  97  6:32  Marine  
  97  6:33  Marine  
  97  6:37  Marine  
  97  6:38  Supply Depot  
  97  6:39  SCV  
  101  6:43  Combat Shield  
  101  6:45  Supply Depot  
  101  6:48  SCV x2, Marine  
  101  6:49  Siege Tank  
  101  6:51  SCV  
  101  6:52  Marine  
  109  6:58  Armory  
  109  6:59  Marine x2  
  109  7:00  SCV x2, Barracks Reactor  
  113  7:01  Barracks Reactor  
  113  7:03  Refinery  
  113  7:06  Refinery  
  113  7:07  Supply Depot  
  113  7:08  Marine  
  113  7:09  SCV, Marine  
  113  7:10  Marine  
  116  7:15  SCV, Supply Depot  
  116  7:16  SCV  
  116  7:17  Marine x2  
  116  7:21  SCV  
  118  7:26  Marine  
  118  7:27  SCV, Marine  
  118  7:28  SCV  
  120  7:33  SCV  
  120  7:34  Marine  
  120  7:35  Marine x2  
  123  7:37  Siege Tank  
  123  7:40  SCV x2  
  123  7:41  Marine  
  123  7:42  Marine  
  130  7:45  SCV, Marine  
  130  7:50  Supply Depot  
  133  7:51  Marine  
  133  7:53  Marine  
  133  7:54  Marine  
Tags
 
Add a new tag
Caveats
  • Supply blocks, unpowered buildings, or Contaminate may cause inaccurate times.
  • Supply counts are checked every 10 seconds.